 Dungeon Crawl Stone Soup version 0.24.1-8-ga250c9d538 (webtiles) character file.

Game seed: 7784595992154375571, levelgen mode: deterministic

22061 Peloso the Blocker (level 12, -11/95 HPs)
             Began as a Demonspawn Fighter on Apr 27, 2020.
             Was a High Priest of Okawaru.
             Blown up by a big kobold (24 damage)
             ... with a disintegration bolt
             ... on level 8 of the Dungeon.
             The game lasted 00:33:15 (17278 turns).

Peloso the Blocker (Demonspawn Fighter)            Turns: 17278, Time: 00:33:15

Health: -11/95     AC: 27    Str: 20    XL:     12   Next: 59%
Magic:  14/14      EV:  7    Int: 10    God:    Okawaru [*****.]
Gold:   856        SH: 12    Dex: 14    Spells: 11/11 levels left

rFire    + . .     SeeInvis .   a - +1 long sword
rCold    + . .     Gourm    .   c - +0 shield
rNeg     . . .     Faith    .   g - +0 plate armour
rPois    .         Spirit   .   x - +2 helmet
rElec    .         Reflect  .   B - +0 cloak
rCorr    .         Harm     .   l - +1 pair of gloves
MR       .....                  d - +2 pair of boots
Stlth    ..........             (no amulet)
HPRegen  0.25/turn              J - ring of protection from fire
MPRegen  0.14/turn              K - +4 ring of slaying

@: no status effects
A: talons 1, rugged brown scales 2, cold resistance 1, foul stench 1, rot
immunity
a: Heroism, Finesse, Renounce Religion


You were on level 8 of the Dungeon.
You worshipped Okawaru.
Okawaru was extremely pleased with you.
You were very hungry.

You visited 3 branches of the dungeon, and saw 15 of its levels.

You collected 856 gold pieces.

Inventory:

Hand Weapons
 a - a +1 long sword (weapon)
 b - a +1 morningstar of protection
Armour
 c - a +0 shield (worn)
 d - a +2 pair of boots (worn)
 g - a +0 plate armour (worn)
 k - +0 acid dragon scales
 l - a +1 pair of gloves (worn)
 x - a +2 helmet (worn)
 B - a +0 cloak (worn)
Jewellery
 h - an uncursed ring of protection from cold
 r - an uncursed ring of positive energy
 u - an uncursed ring of flight
 J - a ring of protection from fire (left hand)
 K - a +4 ring of slaying (right hand)
Wands
 n - a wand of digging (1)
 t - a wand of iceblast (6)
 D - a wand of random effects (7)
 F - a wand of polymorph (14)
Scrolls
 i - 4 scrolls of teleportation
 j - 2 scrolls of blinking
 m - 5 scrolls of enchant weapon
 o - a scroll of noise {unknown}
 p - a scroll of identify
 s - 4 scrolls of fear {unknown}
 y - 2 scrolls of remove curse
 C - a scroll of silence {unknown}
 G - a scroll of torment {unknown}
 H - a scroll of fog
 I - a scroll of vulnerability {unknown}
Potions
 v - a potion of invisibility
 w - 2 potions of magic
 z - a potion of haste
 A - a potion of flight
 L - a potion of agility
Comestibles
 f - 37 rations


   Skills:
 + Level 7.6 Fighting
   Level 7.9(9.7) Short Blades
 + Level 8.7(10.0) Long Blades
 + Level 9.8 Armour
 + Level 3.5 Dodging
 + Level 1.4 Stealth
 + Level 10.3 Shields
 + Level 3.1 Invocations
 + Level 0.8 Evocations


You had 11 spell levels left.
You didn't know any spells.
Your spell library contained the following spells:

 Spells                   Type           Power        Failure   Level  Hunger
 Apportation              Tloc           #.....       100%        1    ##.....
 Beastly Appendage        Tmut           #.....       100%        1    ##.....
 Magic Dart               Conj           #...         100%        1    ##.....
 Summon Butterflies       Summ           #.......     100%        1    ##.....
 Searing Ray              Conj           #.....       100%        2    ###....
 Sticks to Snakes         Tmut           #.......     100%        2    ###....
 Dazzling Spray           Conj/Hex       #.....       100%        3    ####...
 Lesser Beckoning         Tloc           #.........   100%        3    ####...
 Spider Form              Tmut/Pois      #.........   100%        3    ####...
 Tukima's Dance           Hex            #.......     100%        3    ####...
 Force Lance              Conj/Tloc      #.......     100%        4    #####..
 Fulminant Prism          Conj/Hex       #.........   100%        4    #####..
 Ice Form                 Ice/Tmut       #.......     100%        4    #####..
 Iskenderun's Mystic Bla  Conj           #.......     100%        4    #####..
 Alistair's Intoxication  Tmut/Pois      #.......     100%        5    ######.
 Blade Hands              Tmut           #.........   100%        5    ######.
 Invisibility             Hex            #.......     100%        6    #######


Dungeon Overview and Level Annotations

Branches:
Dungeon (12/15)            Temple (1/1) D:4            Lair (2/6) D:10
 Shoals (0/4) Lair:2          Orc (0/2) D:12
  Snake: Lair:2-4    Spider: Lair:2-4

Altars:
Ashenzari
Cheibriados
Dithmenos
Elyvilon
Fedhas
Gozag
Hepliaklqana
Kikubaaqudgha
Makhleb
Nemelex Xobeh
Okawaru
Qazlal
Ru
Sif Muna
Trog
Uskayaw
Vehumet
Wu Jian
Xom
Yredelemnul
The Shining One

Shops:
D:11 [

Annotations:
D:12 2 transporters


Innate Abilities, Weirdness & Mutations

You have sharp toenails.
You are mostly covered in rugged brown scales. (AC +2, +5% HP)
Your flesh is cold resistant. (rC+)
You may emit foul miasma when damaged in melee.
You are immune to rotting.


Message History

You block the big kobold's attack.
The big kobold hits you with a +0 short sword.
The big kobold throws a stone.
The stone hits you but does no damage.
You see here 2 stones.
The big kobold zaps a wand.
You resist with significant effort.
The big kobold throws a stone.
The stone hits you but does no damage.
You see here 2 stones.
The big kobold zaps a wand.
You are blasted!
* * * LOW HITPOINT WARNING * * *
Unknown command.
The big kobold hits you but does no damage.
The big kobold looks sick.
You block the big kobold's attack.
Unknown command.
Your plate armour prevents you from hitting the big kobold.
The big kobold hits you but does no damage. x2
You slash the big kobold!
The big kobold is moderately wounded.
The big kobold hits you but does no damage.
The big kobold zaps a wand.
You are blasted!
You die...

....#### #.##.8.###.#..... ....#
#)#.....##....... ....#####
##.'.###..#....... ........#
#..'.....(#.....). #'##....#
#.)'.###.(#....... #.##....#
#.(#.....###..#'#. ........#
#KK##.8.## #..#.## #.##....#
#KKK#########.#...
#.#...##########@###.......#.#.#.
#........(...(..............>#.#.
###..........................#.#.
#...##############.......#.#.#.
##### #.........###.#.
#.........# #.#. #.......### #.#.
#.......# #.## #.......# #...


You could see 5 big kobolds.

Vanquished Creatures
  2 hydras
  A two-headed ogre (D:12)
  A catoblepas (Lair:2)
  The ghost of Peloso the Shield-Bearer, a novice DsFi of Okawaru (D:8)
  A gargoyle (D:10)
  5 spiny frogs (Lair:1)
  A kobold demonologist (D:8)
  3 komodo dragons
  The ghost of ciphuk the Poker, an amateur MfSk (D:3)
  A queen bee (D:9)
  3 trolls
  A hornet (D:10)
  6 hippogriffs
  A spriggan (D:8)
  31 yaks
  2 wraiths
  A vampire (D:10)
  A hungry ghost (D:12)
  An acid dragon (D:9)
  2 water moccasins
  9 porcupines
  5 orc warriors
  2 sky beasts (D:10)
  The ghost of waddelsworth the Sneak, an amateur FeCj (D:3)
  A black bear (D:6)
  An ice beast (D:8)
  2 ogres
  3 phantoms
  The ghost of monokles the Charmwright, an amateur MfSk (D:3)
  An eye of draining (D:11)
  3 centaurs
  A necrophage (D:8)
  The ghost of TreeFish the Grave Robber, an amateur HuNe (D:3)
  6 crocodiles
  12 bullfrogs
  7 big kobolds
  3 scorpions
  38 killer bees
  A howler monkey (D:4)
  4 crimson imps
  4 bullfrog zombies
  A quasit (D:6)
  6 hounds
  5 orc priests
  A jelly (D:8)
  5 bullfrog skeletons
  A centaur skeleton (D:3)
  Natasha (thrice) (D:2)
  8 worker ants
  10 orc wizards
  A killer bee zombie (D:9)
  4 hound skeletons
  2 worker ant zombies (D:5)
  11 gnolls
  17 adders
  4 shadow imps
  An ooze (D:3)
  2 adder zombies
  An adder skeleton (D:4)
  6 worms
  5 dart slugs
  4 leopard geckos
  36 orcs
  10 bats
  3 giant cockroaches
  4 goblins
  5 hobgoblins
  13 jackals
  2 quokkas
  3 ball pythons
  3 frilled lizards
  A jackal zombie (D:6)
  14 kobolds
  7 rats
371 creatures vanquished.

Vanquished Creatures (others)
  A quokka (D:11)
  4 bushes (D:10)
  9 fungi
  15 plants
29 creatures vanquished.

Grand Total: 400 creatures vanquished

Notes
Turn   | Place    | Note
-------+----------+-------------------------------------------
     0 | D:1      | Peloso the Demonspawn Fighter began the quest for the Orb.
     0 | D:1      | Reached XP level 1. HP: 18/18 MP: 1/1
    43 | D:1      | Gained mutation: You are partially covered in rugged brown
                  | scales. (AC +1, +3% HP) [demonic ancestry]
    43 | D:1      | Reached XP level 2. HP: 13/24 MP: 2/2
   643 | D:1      | Reached skill level 3 in Shields
   761 | D:2      | Gained mutation: Your flesh is cold resistant. (rC+)
                  | [demonic ancestry]
   761 | D:2      | Reached XP level 3. HP: 29/29 MP: 3/3
  1095 | D:2      | Reached XP level 4. HP: 22/36 MP: 4/4
  1210 | D:2      | Noticed Natasha
  1222 | D:2      | Killed Natasha
  1388 | D:2      | Noticed Natasha
  1395 | D:2      | Killed Natasha
  1395 | D:2      | Reached XP level 5. HP: 21/43 MP: 5/5
  1523 | D:2      | Noticed Natasha
  1530 | D:2      | Killed Natasha
  1598 | D:3      | Found a snail-covered altar of Cheibriados.
  1626 | D:3      | Reached skill level 1 in Dodging
  1641 | D:3      | Found a runed translucent gate.
  1642 | D:3      | Found a runed translucent gate.
  1666 | D:3      | Found a runed translucent gate.
  1668 | D:3      | Noticed ciphuk's ghost (amateur MfSk)
  1668 | D:3      | Noticed TreeFish's ghost (amateur HuNe)
  1878 | D:3      | Noticed monokles's ghost (amateur MfSk)
  2261 | D:3      | Gained mutation: You have sharp toenails. [demonic
                  | ancestry]
  2261 | D:3      | Reached XP level 6. HP: 47/49 MP: 6/6
  2840 | D:3      | Noticed waddelsworth's ghost (amateur FeCj)
  2860 | D:4      | Found a sparkling altar of Nemelex Xobeh.
  2934 | D:4      | HP: 1/49 [something/magic dart (6)]
  3930 | D:4      | Found a staircase to the Ecumenical Temple.
  3974 | Temple   | Entered the Ecumenical Temple
  3992 | Temple   | Became a worshipper of Warmaster Okawaru
  4063 | D:4      | Reached XP level 7. HP: 52/55 MP: 7/7
  4333 | D:5      | Entered Level 5 of the Dungeon
  4421 | D:5      | Reached skill level 5 in Long Blades
  4596 | D:5      | Found a radiant altar of Vehumet.
  4798 | D:6      | Reached * piety under Okawaru
  4798 | D:6      | Reached skill level 4 in Shields
  5035 | D:6      | Gained mutation: You are immune to rotting. [demonic
                  | ancestry]
  5035 | D:6      | Reached XP level 8. HP: 43/62 MP: 8/8
  5406 | D:7      | Reached ** piety under Okawaru
  5701 | D:6      | Reached skill level 5 in Armour
  5701 | D:6      | Reached skill level 5 in Shields
  5751 | D:6      | Found an opulent altar of Gozag.
  5960 | D:7      | Got a crystal dagger
  5961 | D:7      | Identified the +8 dagger of Gehenna {pierce, *Drain rElec
                  | rC+} (You found it on level 7 of the Dungeon)
  6015 | D:7      | Noticed a hippogriff
  6025 | D:7      | Killed a hippogriff
  6229 | D:7      | Gained mutation: You may emit foul miasma when damaged in
                  | melee. [demonic ancestry]
  6229 | D:7      | Reached XP level 9. HP: 51/69 MP: 9/9
  6364 | D:7      | Reached skill level 1 in Short Blades
  6705 | D:8      | Found a burning altar of Makhleb.
  6706 | D:8      | Found a shimmering altar of Xom.
  6717 | D:8      | Reached *** piety under Okawaru
  6787 | D:8      | Reached skill level 6 in Shields
  6791 | D:8      | Found a stormy altar of Qazlal.
  6910 | D:8      | Reached skill level 5 in Fighting
  7055 | D:8      | Found a runed translucent gate.
  7055 | D:8      | Found a runed translucent gate.
  7055 | D:8      | Found a runed translucent gate.
  7055 | D:8      | Noticed a kobold demonologist
  7058 | D:8      | Noticed Peloso's ghost (novice DsFi)
  7535 | D:9      | Found a shattered altar of Ashenzari.
  7538 | D:9      | Found a basalt altar of Yredelemnul.
  7541 | D:9      | Found an ancient bone altar of Kikubaaqudgha.
  8165 | D:9      | Reached skill level 7 in Shields
  8329 | D:9      | Found a hide-covered altar of Uskayaw.
  8329 | D:9      | Noticed a +0 hand axe
  8332 | D:9      | Noticed a +0 hand axe
  8333 | D:9      | Reached **** piety under Okawaru
  8370 | D:9      | Noticed a queen bee
  8401 | D:9      | Killed a queen bee
  8401 | D:9      | Reached XP level 10. HP: 32/76 MP: 7/10
  9029 | D:9      | Reached skill level 5 in Short Blades
  9050 | D:9      | Reached skill level 1 in Invocations
  9785 | D:10     | Entered Level 10 of the Dungeon
  9991 | D:10     | Reached ***** piety under Okawaru
  9991 | D:10     | Reached skill level 1 in Stealth
 10059 | D:10     | Reached skill level 8 in Shields
 10091 | D:10     | Received a gift from Okawaru
 10099 | D:10     | Got a polished ring mail {god gift}
 10353 | D:10     | Identified the +3 ring mail of Zananopt {+Inv rF+ Slay-2
                  | SInv} (Okawaru gifted it to you on level 10 of the Dungeon)
 10405 | D:10     | Noticed a gargoyle
 10436 | D:10     | Killed a gargoyle
 10651 | D:10     | Found a staircase to the Lair.
 10705 | D:10     | Reached XP level 11. HP: 83/83 MP: 12/12
 10992 | D:10     | Got a pair of dazzling boots
 11003 | D:10     | Identified the cursed +0 pair of boots of Aryxucue {rC+}
                  | (You found it on level 10 of the Dungeon)
 11774 | D:11     | Found Duideng's Antique Armour Shoppe.
 11788 | D:11     | Found a white marble altar of Elyvilon.
 12497 | D:11     | Noticed an eight-headed hydra
 12583 | Lair:1   | Entered Level 1 of the Lair of Beasts
 12684 | Lair:1   | Reached skill level 9 in Shields
 13663 | Lair:1   | Noticed an eight-headed hydra
 13667 | Lair:1   | Killed an eight-headed hydra
 13745 | Lair:1   | You fall into a shaft and drop 1 floor!
 13746 | Lair:2   | Found a staircase to the Shoals.
 13852 | Lair:2   | Gained mutation: You are mostly covered in rugged brown
                  | scales. (AC +2, +5% HP) [demonic ancestry]
 13852 | Lair:2   | Reached XP level 12. HP: 57/95 MP: 13/13
 13996 | Lair:2   | Noticed a catoblepas
 14016 | Lair:2   | Killed a catoblepas
 14150 | Lair:2   | Noticed a five-headed hydra
 14222 | Lair:1   | Received a gift from Okawaru
 14365 | Lair:1   | Reached skill level 10 in Shields
 15223 | D:11     | Killed an eight-headed hydra
 15568 | D:12     | Found a transporter.
 15572 | D:12     | Noticed an orc high priest
 15589 | D:12     | Found a transporter.
 15789 | D:12     | Found a staircase to the Orcish Mines.
 15789 | D:12     | Noticed a two-headed ogre
 15800 | D:12     | Killed a two-headed ogre
 16762 | D:3      | Killed ciphuk's ghost
 16798 | D:3      | Killed waddelsworth's ghost
 16806 | D:3      | Killed TreeFish's ghost
 16811 | D:3      | Killed monokles's ghost
 17195 | D:8      | Killed Peloso's ghost
 17278 | D:8      | Blown up by a big kobold

Levels and vault maps discovered:
D:1:      tarquinn_simple_flora_water_b, layout_rooms
D:2:      layout_basic, uniq_natasha
D:3:      layout_basic, cheibriados_altar_1, gammafunk_ghost_cemetery
D:4:      layout_cave_pools, nemelex_xobeh_ov_fountains_minmay,
          minmay_temple_entry_waves, first_ration
D:5:      layout_cave_pools, nicolae_overflow_hidden_temple
D:6:      layout_basic, grunt_gozag_statues
D:7:      layout_rooms
D:8:      layout_basic, grunt_temple_overflow_champion_of_chaos,
          grunt_qazlal_clouds, gammafunk_ghost_nasty_kobolds, the_bakery,
          solitary_fountain
D:9:      layout_loops_ring, dancing_weapons_uskayaw,
          grunt_temple_overflow_diamond, special_room [special_room_bee]
D:10:     layout_irregular_city, minmay_lair_entry_grove,
          hangedman_decor_points, serial_park_tiny_2
D:11:     layout_roguey, serial_rivers, chequers_serial_rivers_small_a,
          chequers_serial_rivers_marsh, chequers_serial_rivers_micro_c,
          chequers_serial_rivers_micro_b, serial_shops, shop, elyvilon_altar_4
D:12:     gammafunk_wand_slinger, layout_basic, orc_0_dummy
Temple:   chequers_temple_sunken
Lair:1:   layout_roguey, minmay_holes, serial_bayou_shore_b, lemuel_fruit_tree,
          infiniplex_staircase_pool_2, grunt_megastairs_4
Lair:2:   layout_regular_city, shoals_dummy_entry, grunt_megastairs_5

Skill      XL: |  1  2  3  4  5  6  7  8  9 10 11 12 |
---------------+-------------------------------------+-----
Long Blades    | 2 3 4 6 7 8 |  8.7
Armour         | 3 4 5 6 7 9 |  9.8
Shields        | 3 4 5 7 8 9 10 | 10.3
Dodging        | 1 2 3 |  3.5
Fighting       | 4 5 6 7 |  7.6
Short Blades   | 4 6 7 |  7.9
Invocations    | 1 2 3 |  3.1
Stealth        | 1 |  1.4
Evocations     | |  0.8

Action                   |  1- 3 |  4- 6 |  7- 9 | 10-12 || total
-------------------------+-------+-------+-------+-------++-------
Melee: Long sword        |   137 |   246 |   184 |   342 ||   909
       Kick              |       |    37 |    48 |       ||    85
       Dagger            |       |       |   280 |   869 ||  1149
Invok: Heroism           |       |       |     5 |    22 ||    27
Evoke: Wand              |       |       |       |    11 ||    11
  Use: Scroll            |     3 |       |     7 |    11 ||    21
       Potion            |       |     3 |     2 |     6 ||    11
  Eat: Chunk             |       |     7 |    12 |     9 ||    28
       Ration            |       |     1 |     1 |     6 ||     8
Armor: Scale mail        |    95 |   143 |    45 |       ||   283
       Plate armour      |       |       |   247 |   490 ||   737
Dodge: Dodged            |    65 |    99 |    89 |   204 ||   457
Block: Shield            |   107 |   116 |   246 |   478 ||   947
       Rpst.: Long sword |    21 |    31 |    16 |    24 ||    92
